Map: [ESL] Site Delta

Players

Oliveira - Winner!

  • Race: Terran Terran
  • Spawn Location: 5:00

Reynor

  • Race: Zerg Zerg
  • League: Master
  • Spawn Location: 11:00

Event: Bellum Gens Elite Stara Zagora 2024

VOD

Have the link to the VOD?

Description

Time

  • Played on: Sept. 8, 2024, 10:28 a.m.
  • Length: 24:04

All games in this series

Show
View Real Time Build Order
Export as new Build Order

Oliveira Terran - Winner!

Build Orders: Reaper Expand, Hellion Banshee 

Get SALT Encoding   

  12  0:00  SCV  
  13  0:12  SCV  
  14  0:17  Supply Depot  
  14  0:24  SCV  
  15  0:39  SCV  
  15  0:40  Barracks  
  16  0:46  Refinery  
  16  0:51  SCV  
  17  1:03  SCV  
  18  1:15  SCV  
  19  1:28  Orbital Command  
  19  1:30  Reaper  
  20  1:38  Command Center  
  20  1:50  Supply Depot  
  20  1:54  SCV  
  21  2:02  Marine  
  21  2:07  SCV  
  23  2:13  Factory  
  23  2:19  SCV  
  23  2:20  Marine  
  24  2:31  SCV  
  24  2:40  Barracks Reactor  
  24  2:43  SCV  
  25  2:52  Command Center  
  25  2:55  SCV  
  26  3:06  Orbital Command  
  26  3:07  SCV  
  27  3:13  Starport  
  27  3:18  Refinery  
  27  3:19  SCV  
  30  3:27  Hellion  
  30  3:29  Hellion  
  30  3:31  SCV  
  30  3:33  SCV  
  34  3:35  Barracks Tech Lab  
  34  3:43  SCV  
  34  3:46  SCV  
  38  3:48  Hellion  
  38  3:50  Hellion  
  38  3:55  SCV  
  41  3:58  SCV  
  41  3:59  Cloaking Field  
  42  4:04  Banshee  
  42  4:07  Orbital Command  
  45  4:10  SCV  
  45  4:12  SCV  
  45  4:16  Hellion  
  49  4:18  Hellion  
  49  4:23  SCV  
  52  4:24  Supply Depot  
  52  4:25  SCV  
  52  4:28  Barracks Tech Lab  
  53  4:33  SCV  
  53  4:35  SCV  
  55  4:38  SCV  
  57  4:45  SCV  
  57  4:47  Banshee  
  57  4:51  SCV x2, Barracks  
  57  4:52  Barracks, Factory Reactor  
  62  4:55  Supply Depot  
  62  4:57  Stimpack  
  62  4:58  Marine  
  63  5:00  SCV  
  63  5:03  SCV  
  63  5:04  SCV  
  66  5:11  Engineering Bay x2  
  66  5:13  Refinery  
  66  5:14  SCV, Refinery  
  67  5:22  SCV  
  68  5:32  SCV  
  63  5:36  Orbital Command, SCV  
  63  5:41  Supply Depot  
  63  5:44  SCV, Starport Reactor, Terran Infantry Armor Level 1, Barracks, Terran Infantry Weapons Level 1  
  63  5:45  Barracks  
  63  5:48  SCV  
  65  5:52  Marine x2  
  65  5:54  Siege Tank  
  65  5:56  SCV  
  67  6:01  Supply Depot, SCV  
  67  6:03  Supply Depot, SCV  
  67  6:05  Marine x3  
  67  6:08  SCV  
  67  6:09  Marine  
  72  6:13  SCV  
  72  6:15  SCV  
  72  6:17  Supply Depot, Marine  
  75  6:20  SCV  
  75  6:21  Medivac x2  
  75  6:23  Marine  
  75  6:25  SCV  
  82  6:28  SCV, Marine  
  82  6:29  Siege Tank  
  82  6:31  Marine  
  82  6:32  SCV, Barracks Reactor  
  89  6:33  Barracks Reactor  
  89  6:37  SCV, Marine  
  91  6:40  Supply Depot  
  91  6:41  SCV  
  91  6:44  Command Center  
  92  6:48  Combat Shield  
  92  6:49  Marine  
  92  6:52  Marine  
  94  6:54  Marine  
  94  6:56  Marine  
  94  6:57  SCV x2  
  94  6:58  SCV  
  99  7:01  Marine, Refinery  
  99  7:02  Factory  
  99  7:03  Supply Depot x2, Refinery  
  99  7:06  Siege Tank  
  99  7:07  Marine  
  104  7:08  Marine  
  104  7:11  SCV x2  
  104  7:13  Armory  
  104  7:14  Marine x2  
  109  7:16  Marine x2  
  109  7:19  Marine  
  112  7:22  Marine  
  112  7:25  SCV  
  112  7:27  Marine  
  115  7:32  Marine  
  115  7:36  Barracks x3  
  113  7:37  Marine x3  
  113  7:38  Marine  
  113  7:39  Medivac x2  
  113  7:40  Siege Tank  
  113  7:42  Marine  
  125  7:46  Factory Tech Lab  
  125  7:47  Marine  
  125  7:48  Marine  
  125  7:49  Marine  
  128  7:52  SCV x3  
  128  7:56  Marine  
  128  7:57  Marine  
  132  8:03  Marine x2  
  132  8:04  SCV, Marine  
  132  8:05  Terran Infantry Armor Level 2, Terran Infantry Weapons Level 2  
  136  8:07  Terran Vehicle Weapons Level 1  
  136  8:09  Siege Tank  
  136  8:10  Marine  
  136  8:11  Marine x2  
  136  8:12  Marine  
  143  8:14  SCV, Marine  
  143  8:15  SCV  
  143  8:18  Supply Depot  
  146  8:21  Supply Depot  
  146  8:23  Siege Tank  
  146  8:24  Barracks Tech Lab x2  
  149  8:28  Marine x2  
  149  8:29  Barracks Tech Lab  
  149  8:30  Marine  
  150  8:35  Planetary Fortress  
  150  8:37  Marine  
  150  8:38  Marine  
  150  8:39  Marine x2  
  154  8:41  SCV  
  154  8:44  SCV  
  154  8:47  Siege Tank  
  154  8:48  Marine, Sensor Tower  
  159  8:54  Supply Depot, Marine x2  
  161  8:56  Siege Tank  
  163  9:04  Marine x2  
  163  9:05  Marauder  
  163  9:07  SCV x2  
  168  9:10  Marine  
  168  9:11  Supply Depot  
  168  9:13  Concussive Shells, Marine  
  168  9:14  Marauder  
  168  9:15  Marine  
  174  9:17  SCV, Medivac  
  174  9:18  Medivac  
  174  9:19  Supply Depot, Marine  
  174  9:20  Marine  
  180  9:25  Supply Depot  
  180  9:27  Marine  
  178  9:32  Marine x2  
  180  9:39  Marine x2  
  180  9:40  Marauder  
  180  9:41  Siege Tank  
  183  9:46  Marine  
  183  9:47  Marine, Marauder  
  187  9:53  Marine x2  
  187  9:54  Marauder  
  187  9:58  Marine x2, Marauder  
  187  9:59  Ghost Academy, Refinery x2, Command Center x2  
  195  10:02  Terran Vehicle Weapons Level 2  
  195  10:05  Marine x2, Marauder  
  199  10:11  Marine  
  175  10:26  Marine x2, Marauder  
  175  10:27  Siege Tank x2  
  175  10:28  SCV  
  183  10:29  SCV  
  183  10:30  Terran Infantry Armor Level 3, Terran Infantry Weapons Level 3  
  183  10:35  Marine x2, Marauder  
  177  10:37  Marine x2  
  177  10:41  SCV  
  177  10:42  SCV  
  178  10:48  Marine x2  
  178  10:49  Marine, Marauder  
  130  10:57  Marine  
  130  10:58  Marine x2  
  130  10:59  Siege Tank, Marine  
  130  11:00  SCV x2  
  130  11:01  SCV  
  130  11:03  Marine x3, Marauder  
  145  11:11  Ghost  
  143  11:12  Marine  
  143  11:15  Siege Tank  
  143  11:18  SCV x2  
  149  11:20  Ghost  
  151  11:28  Ghost x2  
  151  11:29  SCV x2  
  151  11:30  Orbital Command, SCV  
  147  11:34  Siege Tank  
  149  11:40  Ghost  
  149  11:45  SCV  
  149  11:46  SCV x2  
  150  11:49  Ghost  
  152  11:58  Ghost x2  
  156  12:01  SCV x2  
  156  12:03  SCV  
  156  12:05  Marine  
  156  12:06  Personal Cloaking  
  160  12:13  Siege Tank  
  160  12:15  Command Center  
  163  12:20  Ghost  
  165  12:32  Siege Tank, Ghost  
  165  12:37  Planetary Fortress  
  165  12:41  Ghost, Command Center  
  165  12:42  Command Center  
  164  12:46  Ghost  
  162  12:54  Missile Turret  
  162  12:55  Missile Turret, Sensor Tower  
  162  12:56  SCV x2  
  160  13:02  Factory  
  160  13:03  Terran Vehicle And Ship Armor Level 1  
  160  13:10  Siege Tank  
  160  13:11  SCV  
  163  13:13  Siege Tank  
  163  13:15  Viking  
  168  13:20  Viking  
  168  13:22  SCV  
  168  13:26  Command Center  
  168  13:29  Ghost  
  168  13:31  SCV  
  168  13:33  Command Center  
  171  13:37  Orbital Command  
  171  13:39  Ghost x2  
  175  13:46  Siege Tank  
  175  13:48  Factory Reactor  
  178  13:49  Refinery  
  178  13:50  Refinery  
  178  13:51  Siege Tank  
  181  13:57  Neosteel Armor  
  181  14:00  Orbital Command x2  
  180  14:09  Viking x2  
  183  14:16  Sensor Tower  
  183  14:17  Missile Turret  
  183  14:19  Missile Turret  
  183  14:20  Widow Mine  
  184  14:24  Siege Tank  
  184  14:26  Widow Mine x2  
  182  14:44  Orbital Command, Planetary Fortress  
  182  14:47  Orbital Command  
  182  14:49  Hi-Sec Auto Tracking  
  182  14:50  Missile Turret, Sensor Tower  
  182  14:51  Command Center  
  182  14:52  Missile Turret x2  
  182  14:54  Missile Turret  
  182  14:55  Orbital Command  
  178  15:00  Missile Turret  
  178  15:04  Siege Tank  
  175  15:08  Siege Tank, Missile Turret, Widow Mine  
  175  15:09  Marauder x3, Widow Mine  
  175  15:12  Terran Vehicle Weapons Level 3  
  188  15:18  Missile Turret  
  188  15:19  Drilling Claws  
  188  15:25  Medivac x2  
  192  15:32  Missile Turret  
  192  15:33  Widow Mine x2  
  196  15:40  Siege Tank  
  198  15:50  Ghost x2  
  198  15:51  Ghost  
  198  15:55  Missile Turret  
  200  16:06  Command Center  
  200  16:15  Missile Turret  
  200  16:17  Missile Turret  
  198  16:22  Widow Mine  
  181  16:33  Marine x2  
  181  16:34  Marauder  
  181  16:35  Siege Tank  
  181  16:37  Widow Mine  
  190  16:40  Marine x2  
  190  16:41  Marauder  
  190  16:43  Siege Tank  
  190  16:46  Marine  
  190  16:47  Marine, Marauder  
  195  16:48  Widow Mine  
  196  16:55  Marine  
  196  16:56  Marine, Marauder  
  194  17:07  Siege Tank  
  195  17:09  Marine  
  195  17:10  Marauder  
  196  17:23  Marine  
  196  17:24  Marine, Marauder  
  200  17:35  Command Center  
  200  17:36  Infernal Pre-Igniter  
  200  17:40  Factory  
  200  17:41  Factory  
  198  17:54  Marine  
  198  17:55  Marine x2  
  198  17:56  Marauder  
  198  17:57  Siege Tank x2  
  193  18:01  Widow Mine  
  193  18:02  Widow Mine, Medivac x2  
  193  18:03  Marine  
  193  18:15  Marine  
  193  18:16  Marine, Marauder  
  197  18:31  Planetary Fortress, Command Center  
  192  18:42  Siege Tank x2, Factory Reactor, Factory Tech Lab  
  192  18:55  Hellion x2  
  194  18:59  Missile Turret x2  
  197  19:06  Orbital Command  
  189  19:14  Hellion  
  189  19:15  Marine x2, Marauder x2  
  189  19:16  Marauder  
  176  19:18  Siege Tank  
  176  19:19  Siege Tank  
  176  19:22  Marine  
  176  19:23  Marine, Marauder  
  186  19:25  Missile Turret  
  186  19:28  Marine  
  186  19:29  Planetary Fortress  
  187  19:35  Hellion x2  
  187  19:36  Marauder  
  193  19:38  Ghost  
  193  19:39  Nuke, Ghost  
  197  19:46  Missile Turret  
  197  19:47  Missile Turret  
  197  19:48  Missile Turret  
  197  19:54  Siege Tank  
  197  20:10  Siege Tank  
  197  20:11  Hellion x2  
  191  20:19  Planetary Fortress  
  191  20:21  Siege Tank, Hellion x2  
  193  20:28  Missile Turret  
  195  20:31  Missile Turret  
  195  20:32  Missile Turret  
  195  20:41  Refinery  
  193  20:43  Siege Tank  
  193  20:44  Siege Tank  
  197  20:53  Siege Tank  
  199  21:10  Hellion x2  
  196  21:11  Hellion  
  196  21:16  Command Center  
  196  21:17  Hellion  
  153  21:35  Ghost  
  153  21:36  Ghost x3  
  153  21:37  Medivac x2  
  153  21:38  Siege Tank x3  
  153  21:39  Hellion x3  
  182  21:40  Hellion  
  182  21:51  Missile Turret x2, Command Center  
  182  21:52  Smart Servos  
  182  21:58  Command Center  
  186  22:01  Hellion x2  
  186  22:02  Hellion x2  
  184  22:10  Medivac x2  
  184  22:11  Sensor Tower  
  188  22:32  Siege Tank  
  188  22:33  Hellion x2  
  195  22:39  Hellion x2  
  195  22:41  Marauder  
  197  22:55  Marine x2  
  197  22:56  Marauder  
  189  23:01  Marine x2  
  189  23:02  Marauder  
  189  23:03  Marine x2, Marauder  
  189  23:13  Siege Tank x2  
  189  23:14  Planetary Fortress, Hellion  
  189  23:15  Hellion  
  181  23:25  Hellion x2  
  181  23:26  Planetary Fortress  
  176  23:31  Missile Turret  
  176  23:32  Missile Turret, Hellion  
  176  23:33  Missile Turret  
  178  23:34  Missile Turret  
Show
View Real Time Build Order
Export as new Build Order

Reynor Zerg 

Build Orders: Pool First 

Get SALT Encoding   

  12  0:00  Drone  
  13  0:12  Overlord  
  13  0:16  Drone  
  14  0:30  Drone  
  14  0:31  Drone  
  16  0:40  Spawning Pool  
  15  0:44  Drone  
  15  0:47  Drone  
  17  1:08  Hatchery  
  17  1:11  Drone  
  17  1:27  Zergling x4  
  17  1:28  Zergling x2  
  17  1:30  Queen  
  17  1:32  Extractor  
  21  1:38  Overlord  
  21  1:49  Drone  
  22  2:00  Drone  
  23  2:05  Queen  
  25  2:11  Drone  
  28  2:22  Drone x2  
  27  2:31  Queen  
  27  2:32  Overlord  
  27  2:33  Drone  
  30  2:39  Drone x2  
  30  2:40  Drone  
  30  2:42  Drone  
  32  2:45  Drone  
  33  2:56  Hatchery  
  32  2:58  Drone  
  32  3:01  Drone  
  32  3:04  Drone  
  35  3:13  Roach Warren  
  35  3:14  Drone  
  35  3:15  Drone  
  35  3:16  Drone  
  37  3:20  Overlord  
  37  3:22  Drone  
  37  3:25  Drone  
  37  3:27  Drone  
  40  3:31  Queen  
  42  3:35  Overlord  
  42  3:44  Queen  
  42  3:45  Drone  
  45  3:54  Roach  
  45  3:55  Roach x3  
  53  3:56  Roach  
  53  3:59  Roach  
  53  4:01  Drone x2  
  59  4:06  Overlord  
  59  4:08  Overlord  
  59  4:10  Drone  
  59  4:13  Drone  
  59  4:16  Overlord  
  61  4:22  Overlord  
  61  4:25  Drone x3  
  61  4:27  Lair  
  64  4:32  Drone x2  
  64  4:33  Drone  
  64  4:34  Drone  
  64  4:35  Drone  
  64  4:37  Drone  
  70  4:41  Overlord  
  70  4:42  Drone  
  71  4:45  Queen  
  71  4:50  Spore Crawler, Drone  
  73  4:54  Drone  
  73  4:55  Spore Crawler  
  73  4:57  Spore Crawler  
  73  4:58  Drone x2, Extractor  
  73  5:01  Drone x2  
  73  5:02  Drone  
  73  5:04  Drone  
  73  5:07  Drone x3  
  79  5:10  Drone x2  
  82  5:16  Evolution Chamber x2  
  82  5:19  Evolution Chamber  
  82  5:20  Evolution Chamber  
  77  5:23  Spore Crawler  
  77  5:24  Drone x2  
  74  5:28  Drone x2  
  74  5:30  Drone  
  74  5:32  Drone  
  74  5:35  Drone  
  78  5:42  Overlord  
  82  5:43  Drone x2  
  82  5:45  Drone  
  82  5:46  Drone x2  
  82  5:47  Drone x2  
  87  5:52  Overlord  
  82  5:57  Drone x2  
  84  6:04  Drone x2  
  84  6:07  Evolution Chamber  
  84  6:08  Drone x2, Evolution Chamber  
  84  6:09  Drone, Hatchery  
  85  6:15  Drone x2, Overseer  
  87  6:20  Drone  
  87  6:22  Extractor  
  87  6:23  Extractor  
  87  6:24  Drone x2  
  88  6:32  Drone  
  89  6:33  Drone  
  89  6:34  Overlord  
  89  6:35  Drone x2, Queen  
  89  6:36  Drone x3, Extractor x2  
  95  6:41  Zerg Melee Weapons Level 1, Zerg Ground Armor Level 1  
  95  6:42  Overlord  
  95  6:45  Drone x2  
  97  6:49  Queen, Overlord  
  96  6:54  Metabolic Boost  
  96  6:56  Drone x3  
  96  7:00  Drone x3  
  102  7:04  Overlord, Baneling Nest  
  102  7:05  Drone x4  
  105  7:09  Drone x4  
  105  7:11  Drone  
  105  7:12  Roach  
  105  7:13  Infestation Pit  
  111  7:17  Roach  
  111  7:20  Glial Reconstitution  
  111  7:21  Zergling x4  
  115  7:22  Queen  
  115  7:23  Zergling x2  
  120  7:30  Roach  
  120  7:32  Overlord  
  120  7:38  Drone x3  
  120  7:39  Zergling x4, Roach x2  
  129  7:46  Zergling x10  
  129  7:47  Zergling x4  
  129  7:48  Spore Crawler  
  129  7:49  Hive  
  129  7:50  Centrifugal Hooks  
  135  7:57  Zergling x8  
  139  8:04  Zergling x10  
  144  8:07  Overlord x2  
  144  8:15  Overlord  
  144  8:16  Drone, Extractor  
  144  8:20  Hatchery  
  144  8:23  Zergling x2  
  144  8:24  Overlord  
  143  8:28  Zergling x14  
  143  8:31  Zergling x6  
  143  8:33  Zergling x8  
  143  8:34  Zergling x2  
  155  8:37  Zergling x2  
  155  8:38  Zergling x2  
  157  8:42  Zerg Melee Weapons Level 2, Zerg Ground Armor Level 2  
  157  8:43  Roach  
  157  8:45  Baneling  
  157  8:46  Baneling x4, Roach  
  160  8:50  Zergling x4  
  160  8:52  Overlord  
  160  8:55  Hatchery  
  161  8:58  Zergling x12  
  161  9:00  Baneling  
  167  9:09  Overlord  
  167  9:13  Adrenal Glands  
  167  9:19  Viper x2  
  167  9:22  Overlord  
  173  9:26  Overlord  
  173  9:29  Viper  
  173  9:30  Viper  
  179  9:32  Baneling x10  
  179  9:33  Zergling x20  
  189  9:39  Baneling x9, Overlord  
  189  9:44  Zergling x10  
  189  9:45  Zergling x10  
  197  9:54  Baneling  
  197  9:55  Baneling x9  
  197  9:59  Zergling x4  
  199  10:02  Hatchery  
  198  10:08  Zergling x2  
  198  10:13  Ravager x4  
  199  10:15  Zergling x6  
  199  10:20  Extractor  
  188  10:23  Zergling x22  
  188  10:24  Zergling x10  
  188  10:25  Ravager x2  
  188  10:27  Queen  
  196  10:30  Zergling x10  
  196  10:31  Zergling x2  
  196  10:34  Zergling x2  
  191  10:37  Baneling x3  
  191  10:38  Zergling x2  
  190  10:48  Zergling x14  
  190  10:49  Roach  
  174  10:50  Zergling x6, Roach  
  174  10:55  Zergling x2  
  174  10:56  Extractor  
  162  10:58  Zergling x6  
  162  11:01  Baneling x4  
  162  11:02  Baneling x4  
  162  11:03  Queen, Zerg Ground Armor Level 3  
  167  11:05  Zergling x8  
  167  11:06  Zergling x4  
  167  11:10  Zergling x4  
  174  11:12  Baneling x6  
  174  11:15  Zergling x12  
  174  11:18  Zergling x12  
  183  11:19  Zergling x2  
  183  11:24  Zergling x2  
  183  11:25  Zergling x2  
  185  11:28  Zergling x4  
  185  11:31  Zergling x4  
  182  11:36  Zergling x2  
  182  11:37  Zergling x2  
  184  11:41  Zerg Melee Weapons Level 3  
  184  11:42  Drone x4  
  184  11:44  Extractor  
  187  11:48  Drone x2  
  187  11:49  Drone  
  187  11:51  Zergling x2  
  187  11:52  Zergling x16  
  199  12:00  Baneling x6, Hatchery  
  199  12:01  Zergling x2  
  199  12:06  Spore Crawler, Overseer  
  198  12:08  Hydralisk Den  
  198  12:10  Zergling x4  
  199  12:37  Zergling x2  
  199  12:52  Muscular Augments  
  199  12:54  Zergling x8  
  199  13:10  Hatchery  
  199  13:11  Zergling x6  
  200  13:15  Hatchery, Pneumatized Carapace  
  197  13:29  Viper x2  
  197  13:33  Baneling x15  
  193  13:36  Drone x2  
  193  13:37  Drone x5  
  193  13:39  Extractor  
  193  13:40  Extractor, Zerg Missile Weapons Level 1  
  198  13:54  Burrow  
  198  13:55  Neural Parasite  
  198  13:58  Zergling x4  
  198  14:00  Baneling  
  198  14:01  Baneling x8  
  198  14:07  Hatchery  
  196  14:11  Zergling x6  
  199  14:32  Zergling x4  
  200  14:38  Drone  
  200  14:55  Nydus Network  
  196  15:06  Hydralisk x10  
  197  15:22  Hatchery  
  196  15:28  Zergling x6  
  196  15:31  Spore Crawler  
  198  15:36  Extractor  
  198  15:37  Zergling x2  
  198  15:38  Zergling x4  
  198  15:39  Overseer x2, Extractor  
  199  15:48  Zergling x2  
  199  15:55  Nydus Canal  
  199  16:07  Hatchery  
  199  16:10  Zergling x10  
  199  16:14  Zergling x4  
  172  16:28  Zergling x68  
  172  16:29  Zergling x12  
  172  16:32  Hydralisk x3  
  178  16:33  Zergling x34  
  194  16:43  Zergling x14  
  194  16:46  Zerg Missile Weapons Level 2  
  199  16:51  Nydus Canal  
  155  17:08  Zergling x2  
  155  17:09  Zergling x30  
  155  17:11  Hydralisk  
  155  17:12  Zergling x2, Hydralisk x2  
  155  17:13  Infestor x2, Zergling x4  
  155  17:15  Zergling x22, Overseer  
  189  17:16  Overseer  
  189  17:18  Drone x10  
  189  17:21  Hydralisk x2  
  189  17:22  Zergling x2  
  189  17:24  Overseer x2  
  189  17:26  Baneling x15  
  189  17:27  Hydralisk x2  
  189  17:28  Zergling x10  
  189  17:29  Baneling x3  
  198  17:30  Baneling x2  
  198  17:32  Zergling x2  
  198  17:33  Baneling  
  198  17:34  Baneling x6  
  198  17:35  Grooved Spines  
  199  17:42  Zergling x6  
  199  17:49  Nydus Canal  
  195  17:55  Zergling x26  
  195  17:56  Zergling x22  
  187  18:00  Zergling x2, Hydralisk  
  187  18:01  Zergling x8  
  187  18:03  Zergling x6  
  169  18:10  Zergling x2, Hydralisk x2  
  169  18:11  Zergling x8  
  174  18:12  Zergling x2  
  174  18:16  Drone x2  
  174  18:17  Drone x4  
  174  18:18  Drone x3  
  174  18:19  Drone x3  
  184  18:23  Hydralisk  
  184  18:26  Baneling x3, Hydralisk  
  189  18:27  Zergling x4  
  189  18:31  Zergling x10  
  192  18:39  Hydralisk  
  192  18:40  Zergling x14  
  187  18:46  Zergling x20  
  193  18:50  Zergling x4  
  193  18:51  Zergling x2  
  192  18:56  Zergling x8, Hydralisk  
  197  19:08  Hatchery  
  197  19:09  Zergling x2, Hydralisk  
  180  19:10  Zergling x12  
  180  19:14  Hydralisk  
  180  19:15  Zergling x12  
  165  19:17  Hydralisk  
  165  19:18  Zergling x4  
  165  19:20  Zergling x2  
  167  19:26  Infestor, Drone x4  
  167  19:27  Drone  
  167  19:28  Drone x2  
  167  19:30  Hydralisk  
  175  19:33  Zergling x2  
  175  19:35  Zergling x2  
  175  19:38  Zergling x6  
  178  19:41  Hydralisk  
  178  19:42  Zergling x4  
  177  19:46  Hydralisk x2  
  177  19:47  Zergling x6  
  177  19:48  Baneling x8  
  177  19:49  Baneling x10, Overlord  
  177  19:51  Overlord  
  184  19:53  Overlord  
  184  19:58  Zergling x2  
  184  20:00  Overlord  
  184  20:05  Zergling x16  
  184  20:10  Zergling x16  
  189  20:15  Zergling x14  
  189  20:16  Hatchery  
  193  20:21  Infestor  
  193  20:23  Zergling x8  
  198  20:38  Viper  
  198  20:40  Zergling x2  
  198  20:41  Zergling x14  
  199  20:42  Overseer  
  199  20:44  Overlord  
  199  20:47  Zergling x2  
  199  20:48  Zergling x10  
  197  20:53  Zergling x10  
  197  21:02  Nydus Canal  
  197  21:06  Hatchery  
  197  21:08  Zergling x12  
  200  21:17  Zergling x2  
  167  21:27  Zergling x14  
  167  21:28  Zergling x22  
  167  21:29  Hydralisk  
  157  21:35  Zergling x2, Hydralisk  
  157  21:37  Overseer  
  157  21:38  Zergling x2  
  152  21:42  Zergling x4  
  152  21:43  Zergling x8  
  158  21:48  Drone  
  158  21:49  Zergling x4  
  158  21:50  Zergling x2  
  158  21:52  Zergling x4  
  158  21:53  Zergling x2  
  164  21:58  Zergling x2  
  164  21:59  Zergling x6  
  167  22:02  Zergling x8  
  167  22:05  Zergling x2  
  167  22:07  Drone  
  173  22:09  Zergling x4  
  173  22:12  Drone x3  
  177  22:16  Hydralisk  
  177  22:17  Zergling x8, Nydus Canal  
  178  22:22  Drone  
  178  22:23  Drone x3  
  178  22:24  Hydralisk  
  178  22:25  Zergling x12  
  178  22:28  Spine Crawler  
  184  22:30  Drone x3  
  184  22:33  Zergling x8, Hydralisk  
  184  22:34  Zergling x4  
  184  22:36  Drone  
  189  22:41  Hydralisk  
  189  22:42  Zergling x6  
  189  22:44  Zergling x2  
  190  22:56  Infestor  
  156  22:59  Zergling x30  
  156  23:04  Hydralisk  
  156  23:05  Zergling x6  
  168  23:06  Overseer x2  
  168  23:07  Overseer  
  135  23:28  Hydralisk  
  135  23:29  Zergling x14  
  136  23:41  Zergling x18  
Tags
 
Add a new tag
Caveats
  • Supply blocks, unpowered buildings, or Contaminate may cause inaccurate times.
  • Supply counts are checked every 10 seconds.